 Dungeon Crawl Stone Soup version 0.18-a0-1157-g59db91b (webtiles) character file.

132 truemonolith the Cutter (level 5, 0/52 HPs)
             Began as a Halfling Berserker on Jan 21, 2016.
             Was a Believer of Trog.
             Slain by a gnoll
             ... wielding a +0 spear
              (2 damage)
             ... on level 2 of the Dungeon on Jan 23, 2016.
             The game lasted 00:03:46 (3206 turns).

truemonolith the Cutter (Halfling Berserker)        Turns: 3206, Time: 00:03:47

Health: 0/52       AC:  2    Str: 23    XL:     5   Next: 38%
Magic:  5/5        EV: 15    Int:  6    God:    Trog [**....]
Gold:   36         SH:  0    Dex: 14    Spells: 0 memorised, 4 levels left

rFire  . . .     SeeInvis .     a - +0 short sword
rCold  . . .     Gourm    .     b - +0 animal skin
rNeg   . . .     Faith    .     (shield restricted)
rPois  .         Spirit   .     (no helmet)
rElec  .         Dismiss  .     (no cloak)
rCorr  .         Reflect  .     (no gloves)
SustAt .         Harm     .     (no boots)
MR     .....                    (no amulet)
Stlth  ..........               (no ring)
                                (no ring)

@: berserking (expiring), very quick, not resistant to hostile enchantments,
extremely unstealthy
A: mutation resistance 1
a: Berserk, Trog's Hand, Burn Spellbooks, Renounce Religion


You were on level 2 of the Dungeon.
You worshipped Trog.
Trog was pleased with you.
You were not hungry.

You visited 1 branch of the dungeon, and saw 2 of its levels.

You collected 36 gold pieces.

Inventory:

Hand Weapons
 a - a +0 short sword (weapon)
Armour
 b - a +0 animal skin (worn)
Jewellery
 d - an uncursed ring of protection from cold {unknown}
Scrolls
 e - a scroll of immolation {unknown}
 f - a scroll of recharging {unknown}
 g - a scroll of noise {unknown}
 h - a scroll of random uselessness {unknown}
 i - a scroll of identify {unknown}
 j - a scroll of amnesia {unknown}
Potions
 k - a potion of resistance {unknown}
Comestibles
 c - a meat ration


   Skills:
 - Level 2.6 Fighting
 + Level 7.5 Short Blades
 - Level 2.1 Armour
 - Level 2.1 Dodging


You had 4 spell levels left.
You didn't know any spells.

Dungeon Overview and Level Annotations

Branches:
Dungeon (2/15)

Altars:
Vehumet


Innate Abilities, Weirdness & Mutations

You are small and have problems with some larger weapons.
You are somewhat resistant to further mutation.


Message History

You are too injured to fight recklessly!
You are too injured to fight recklessly!
Unknown command.
You puncture the gnoll!
The gnoll is severely wounded.
The gnoll hits you with a mace!
* * * LOW HITPOINT WARNING * * *
You puncture the gnoll!
You kill the gnoll!
Trog accepts your kill. The bat closely misses you.
The kobold closely misses you. The gnoll hits you with a spear.
* * * LOW HITPOINT WARNING * * *
You puncture the bat!
You feel the power of Trog in you as your rage grows.
You kill the bat!
Trog accepts your kill.
A giant gecko comes into view.
The gnoll hits you with a spear.
You die...

##...#.#
##### # #. #
# #)# .# #.
#.# ..
##.##.###.
l?...... .#
....< ..# ##
#!.# ..#
##.##K@##..#
##.#.#.g....#
#.#...)...#.#
#!...##....(#
#.......$...#
##...##.###.#
##..##"# ...
#...#.# ###
#..##.#


You could see a gnoll, a giant gecko and a kobold.

Vanquished Creatures
  3 gnolls (D:2)
  4 adders (D:2)
  3 worms (D:2)
  3 giant geckos
  A ball python (D:1)
  A giant cockroach (D:2)
  6 goblins
  6 hobgoblins (D:1)
  6 jackals (D:1)
  7 kobolds
  A quokka (D:2)
  6 bats
  A giant newt (D:1)
  6 rats
54 creatures vanquished.

Notes
Turn   | Place    | Note
--------------------------------------------------------------
     0 | D:1      | truemonolith the Halfling Berserker began the quest for the Orb.
     0 | D:1      | Reached XP level 1. HP: 15/15 MP: 1/1
   257 | D:1      | Reached XP level 2. HP: 18/20 MP: 2/2
   273 | D:1      | Reached skill level 5 in Short Blades
   624 | D:1      | Reached XP level 3. HP: 22/25 MP: 3/3
  1117 | D:1      | HP: 1/37 [hobgoblin/club (3)]
  1460 | D:1      | Reached ** piety under Trog
  1474 | D:1      | Upgraded the game from 0.18-a0-1140-g8540535 to 0.18-a0-1157-g59db91b
  1752 | D:2      | Found a radiant altar of Vehumet.
  1864 | D:2      | Reached skill level 6 in Short Blades
  1864 | D:2      | Reached XP level 4. HP: 28/30 MP: 4/4
  3192 | D:2      | Reached skill level 7 in Short Blades
  3192 | D:2      | Reached XP level 5. HP: 32/35 MP: 5/5
  3204 | D:2      | HP: 2/52 [gnoll/spear (1)]
  3206 | D:2      | Slain by a gnoll

Vault maps used:
D:1:      tarquinn_simple_flora_water_e
D:2:      lemuel_round_altar, led_sif_pool

Action                   |  1- 3 |  4- 6 || total
-------------------------+-------+-------++-------
Melee: Short sword       |   140 |   104 ||   244
Invok: Berserk           |     1 |     2 ||     3
 Stab: Sleeping          |     1 |       ||     1
  Eat: Bread ration      |     1 |       ||     1
       Meat ration       |       |     1 ||     1
